 Dungeon Crawl Stone Soup version 0.16-a0-702-gf4f471d (webtiles) character file.

9508 Jenx the Cleaver (level 11, -5/88 HPs)
             Began as a Deep Dwarf Fighter on Sept 18, 2014.
             Was a High Priest of Makhleb.
             Slain by a minotaur (23 damage)
             ... in a labyrinth on Sept 20, 2014.
             The game lasted 00:45:56 (10992 turns).

Jenx the Cleaver (Deep Dwarf Fighter)              Turns: 10992, Time: 00:45:56

HP  -5/88        AC 18     Str 20      XL: 11   Next: 24%
MP  19/19        EV  9     Int 12      God: Makhleb [*****.]
Gold 751         SH  9     Dex 12      Spells:  0 memorised, 10 levels left

rFire  . . .     SeeInvis +     a - +1 war axe
rCold  . . .     Clarity  .     M - +0 plate armour
rNeg   + . .     rCorr    .     c - +0 shield
rPois  .         rRot     .     (no helmet)
rElec  .         Spirit   .     R - +0 cloak
SustAb .         Warding  +     Z - +2 pair of gloves
rMut   .         Stasis   .     (no boots)
Gourm  .                        w - amulet of warding
MR     +....                    U - +5 ring of evasion
                                j - ring of see invisible

@: non-regenerating, somewhat resistant to hostile enchantments, extremely
unstealthy
A: damage resistance, recharge devices, sense surroundings 2, slow healing 3
a: Device Recharging, Minor Destruction, Lesser Servant of Makhleb, Major
Destruction, Greater Servant of Makhleb, Renounce Religion


You were in a labyrinth.
You worshipped Makhleb.
Makhleb was extremely pleased with you.
You were not hungry.

You visited 3 branches of the dungeon, and saw 14 of its levels.
You also visited: Labyrinth.

You collected 751 gold pieces.

Inventory:

Hand weapons
 a - a +1 war axe (weapon)
 b - a +0 blowgun
Missiles
 I - 10 tomahawks (quivered)
 K - 2 curare-tipped needles
Armour
 c - a +0 shield (worn)
 M - a +0 plate armour (worn)
 R - a +0 cloak (worn)
 Z - a +2 pair of gloves (worn)
Magical devices
 d - a wand of heal wounds (1)
 n - a wand of magic darts (11) {unknown}
 y - a wand of fire (2)
 H - a wand of lightning (4)
 J - a wand of draining (1)
 O - a wand of draining (6)
 S - a wand of fire (8)
Comestibles
 f - 3 bread rations
 B - 4 meat rations
 C - 2 royal jellies
Scrolls
 k - 2 scrolls of enchant armour
 l - 4 scrolls of enchant weapon
 m - 7 scrolls of remove curse
 q - 4 scrolls of blinking
 s - 2 scrolls of fog
 v - a scroll of identify
 x - a scroll of vulnerability
 z - 2 scrolls of torment {unknown}
 F - 2 scrolls of magic mapping {unknown}
 G - 2 scrolls of fear
 L - 2 scrolls of random uselessness {unknown}
 P - a scroll of amnesia {unknown}
 V - 2 scrolls of immolation {unknown}
 W - 2 scrolls of teleportation {unknown}
 X - a scroll of silence {unknown}
Jewellery
 g - an uncursed ring of protection from magic
 j - a ring of see invisible (left hand)
 w - an amulet of warding (around neck)
 A - an uncursed ring of protection from magic
 U - a +5 ring of evasion (right hand)
Potions
 e - 4 potions of might
 h - 4 potions of restore abilities
 i - a potion of cancellation {unknown}
 o - 2 potions of flight {unknown}
 p - a potion of agility {unknown}
 r - 2 potions of heal wounds
 t - 4 potions of haste {unknown}
 u - a potion of invisibility {unknown}
 D - a potion of poison {unknown}
 E - 2 potions of resistance {unknown}
 N - a potion of berserk rage {unknown}
 Q - 4 potions of curing {unknown}
 T - 2 potions of cure mutation {unknown}
 Y - a potion of degeneration {unknown}


   Skills:
 - Level 2.6 Fighting
 * Level 14.7 Axes
 - Level 3.3 Throwing
 + Level 8.5 Armour
 - Level 3.2 Shields
 + Level 7.9 Invocations
 - Level 4.4 Evocations


You had 10 spell levels left.
You didn't know any spells.

Dungeon Overview and Level Annotations

Branches:
Dungeon (10/15)            Temple (1/1) D:5            Lair (3/8) D:10
    Orc: D:9-12       Swamp: Lair:3-6    Shoals: Lair:3-6     Snake: Lair:3-6
 Spider: Lair:3-6

Altars:
Ashenzari
Cheibriados
Dithmenos
Elyvilon
Fedhas
Gozag
Kikubaaqudgha
Makhleb
Nemelex Xobeh
Okawaru
Qazlal
Ru
Sif Muna
Trog
Vehumet
Xom
Yredelemnul
Zin
The Shining One

Annotations:
Lair:1 exclusion: oklob plant


Innate Abilities, Weirdness & Mutations

You are resistant to damage.
You can recharge devices by infusing magical energy.
You passively map the area around you.
You do not heal naturally.


Message History

You hit the minotaur but do no damage.
The minotaur is heavily wounded.
The minotaur hits you but does no damage.
You block the minotaur's attack.
You slash the minotaur!
The minotaur is heavily wounded.
Evoke which item? (* to show all) (? for menu, Esc to quit)
Zapping:
d - a wand of heal wounds (2)
Press: ? - help, Shift-Dir - straight line, f - you, p - minotaur You feel much better.
This wand has 1 charge left.
You block the minotaur's attack. x2
You hit the minotaur but do no damage.
The minotaur is heavily wounded.
The minotaur hits you!!
* * * LOW HITPOINT WARNING * * *
The minotaur gores you.
You hit the minotaur but do no damage.
The minotaur is heavily wounded.
The minotaur hits you!!
You die...

# # . . # #. #
. ## # # . # #
. ## # # #.
.###. # . . .
#. . .. . . . .
...# # #
.##########...#
#......@.# ###
#.######H#.#.
.# .#. # # .#
##.#... #
#(.H.H.#... ###
####. # ... .
.. ## ## ## # .
.. # ## .


You could see a minotaur.

Vanquished Creatures
  Erolcha (D:8)
  4 gargoyles (Lab)
  2 komodo dragons (Lair:1)
  5 spiny frogs
  A yaktaur (D:10)
  A troll (D:10)
  A two-headed ogre (D:9)
  A basilisk (Lair:2)
  A wraith (D:10)
  A hippogriff (D:9)
  4 ice beasts
  3 water moccasins (Lair:1)
  A phantom (D:7)
  3 orc warriors
  A yellow wasp (D:10)
  2 porcupines (Lair:1)
  A sky beast (D:6)
  3 crocodiles
  4 centaurs
  4 giant frogs
  12 killer bees
  3 scorpions
  A hippogriff skeleton (D:3)
  7 crimson imps
  5 wights (D:8)
  A goliath beetle (D:6)
  A quasit (D:10)
  6 hounds
  3 orc priests
  5 iguanas
  A jelly (D:8)
  4 worker ants
  6 orc wizards
  A crocodile zombie (D:9)
  2 ogre skeletons
  Terence (D:3)
  A worker ant zombie (D:8)
  12 adders
  31 green rats
  3 gnolls (D:6)
  An inept item mimic (D:4)
  A shadow imp (D:6)
  2 giant mites
  5 worms (D:2)
  An adder zombie (D:6)
  2 orc skeletons
  6 giant geckos
  19 orcs
  A bat skeleton (D:8)
  13 goblins
  9 hobgoblins
  9 jackals
  5 quokkas
  22 bats
  3 giant cockroaches
  4 giant newts
  17 kobolds
  18 rats
  A rat zombie (D:6)
  A fungus (Lair:1)
  A plant (Lair:1)
291 creatures vanquished.

Vanquished Creatures (others)
  A giant spore (D:10)
  7 fungi (Lair:1)
  3 plants (Lair:1)
11 creatures vanquished.

Grand Total: 302 creatures vanquished

Notes
Turn   | Place    | Note
--------------------------------------------------------------
     0 | D:1      | Jenx, the Deep Dwarf Fighter, began the quest for the Orb.
     0 | D:1      | Reached XP level 1. HP: 20/20 MP: 1/1
   183 | D:1      | Reached XP level 2. HP: 27/27 MP: 2/2
   665 | D:2      | Reached XP level 3. HP: 26/33 MP: 3/3
   683 | D:2      | Found a deep blue altar of Sif Muna.
   693 | D:2      | Reached skill level 4 in Axes
  1143 | D:2      | Reached XP level 4. HP: 25/40 MP: 4/4
  1180 | D:2      | Reached skill level 5 in Axes
  1689 | D:3      | Found a stormy altar of Qazlal.
  1689 | D:3      | Noticed a water elemental
  1691 | D:3      | Noticed a fire elemental
  1691 | D:3      | Noticed an air elemental
  1718 | D:3      | Reached XP level 5. HP: 40/46 MP: 5/5
  1753 | D:3      | Reached skill level 6 in Axes
  1895 | D:3      | Noticed Terence
  1935 | D:3      | Killed Terence
  2345 | D:4      | Found a bloodstained altar of Trog.
  2827 | D:4      | Reached skill level 7 in Axes
  2827 | D:4      | Reached XP level 6. HP: 45/55 MP: 6/6
  2960 | D:5      | Entered Level 5 of the Dungeon
  3072 | D:5      | Found a staircase to the Ecumenical Temple.
  3082 | Temple   | Entered the Ecumenical Temple
  3125 | Temple   | Became a worshipper of Makhleb the Destroyer
  3332 | D:5      | Reached skill level 1 in Evocations
  3349 | D:5      | Found a sparkling altar of Nemelex Xobeh.
  3765 | D:6      | Reached skill level 8 in Axes
  3846 | D:6      | Reached XP level 7. HP: 34/61 MP: 10/10
  3874 | D:6      | HP: 3/61 [killer bee (5)]
  4091 | D:6      | Acquired Makhleb's first power
  4167 | D:6      | Reached skill level 9 in Axes
  4284 | D:6      | Reached XP level 8. HP: 31/68 MP: 11/11
  4654 | D:7      | Reached skill level 10 in Axes
  4755 | D:7      | Reached skill level 5 in Armour
  4822 | D:7      | Acquired Makhleb's second power
  4895 | D:7      | Found a blossoming altar of Fedhas.
  4953 | D:7      | Reached skill level 11 in Axes
  5095 | D:7      | Reached skill level 1 in Throwing
  5515 | D:8      | Found an ancient bone altar of Kikubaaqudgha.
  5522 | D:8      | Found a shattered altar of Ashenzari.
  5529 | D:8      | Found an opulent altar of Gozag.
  5572 | D:8      | Noticed Erolcha
  5691 | D:9      | Gained mutation: You passively map the area around you. [level up]
  5691 | D:9      | Reached XP level 9. HP: 54/74 MP: 12/12
  5951 | D:9      | Noticed a two-headed ogre
  5957 | D:9      | Killed a two-headed ogre
  6221 | D:9      | Reached skill level 12 in Axes
  6352 | D:9      | Acquired Makhleb's third power
  6535 | D:8      | Reached skill level 1 in Invocations
  6613 | D:8      | Killed Erolcha
  6707 | D:8      | Found a radiant altar of Vehumet.
  6886 | D:8      | Acquired Makhleb's fourth power
  7248 | D:8      | Reached skill level 13 in Axes
  7249 | D:8      | Reached XP level 10. HP: 77/81 MP: 14/14
  7377 | D:10     | Entered Level 10 of the Dungeon
  7681 | D:10     | Found a staircase to the Lair.
  8122 | Lair:1   | Entered Level 1 of the Lair of Beasts
  8133 | D:10     | Reached skill level 5 in Invocations
  8338 | Lair:1   | Acquired Makhleb's fifth power
  8667 | Lair:1   | Reached skill level 14 in Axes
  8784 | Lair:1   | Found a blossoming altar of Fedhas.
  8795 | Lair:1   | Noticed an oklob plant
  9901 | Lair:2   | Reached XP level 11. HP: 88/88 MP: 19/19
 10134 | Lair:2   | Upgraded the game from 0.16-a0-623-g20b2139 to 0.16-a0-702-gf4f471d
 10290 | Lair:3   | Noticed an eight-headed hydra
 10379 | Lair:3   | Found a labyrinth entrance.
 10388 | Lab      | Entered a labyrinth
 10961 | Lab      | Noticed a minotaur
 10992 | Lab      | Slain by a minotaur

Action                   |  1- 3 |  4- 6 |  7- 9 | 10-12 || total
-------------------------+-------+-------+-------+-------++-------
Melee: War axe           |   132 |   273 |   593 |   395 ||  1393
       Unarmed           |       |    16 |       |       ||    16
       Scimitar          |       |       |     4 |       ||     4
 Fire: Blowgun           |       |       |     3 |    11 ||    14
Throw: Tomahawk          |       |       |    10 |     1 ||    11
Invok: Minor Destruction |       |       |       |     3 ||     3
 Abil: Device Recharging |       |       |     3 |       ||     3
Evoke: Wand              |     1 |     4 |    12 |    15 ||    32
  Use: Scroll            |       |     8 |     2 |     9 ||    19
       Potion            |       |       |     1 |     1 ||     2
  Eat: Chunk             |     1 |     7 |     5 |     3 ||    16
       Beef jerky        |       |     1 |     2 |     1 ||     4
       Bread ration      |       |       |     1 |     2 ||     3
       Fruit             |       |       |       |     3 ||     3
